 Dungeon Crawl Stone Soup version 0.32-a0-898-g7811c86cf0 (webtiles) character file.

Game seed: 3005313244306721431

1728024 ragingrage the Merry Goblin (level 27, 215/215 HPs)
             Began as a Coglin Hexslinger on Apr 5, 2024.
             Was the Champion of Okawaru.
             Escaped with the Orb
             ... and 3 runes!
             The game lasted 01:35:46 (65837 turns).

ragingrage the Merry Goblin (Coglin Hexslinger)    Turns: 65837, Time: 01:35:47

Health: 215/215    AC: 21    Str: 10    XL:     27
Magic:  32/32      EV: 38    Int: 14    God:    Okawaru [******]
Gold:   3215       SH:  0    Dex: 40    Spells: 20/32 levels left

rFire   + + .        Q - +5 hand cannon (freeze) {Suthep}
rCold   + + .        T - +9 hand cannon (heavy) {Fredrik}
rNeg    + . .        t - +3 ring mail "Sufaishro" {Harm rPois Regen+ Stlth-}
rPois   +            J - -2 hat of the Alchemist {rElec rPois rF+ rC+ rN+ Will+ rMut rCorr}
rElec   +            u - +4 dragonskin cloak {Aegis}
rCorr   +            y - +2 pair of gloves
SInv    +            e - +2 pair of boots
Will    ++++.        M - amulet of guardian spirit
Stlth   +            E - +6 ring of dexterity
HPRegen 1.35/turn    Y - ring "Qelinn" {Will+ Dex+6 SInv Stlth+}
MPRegen 0.23/turn    Z - dynamic matrix {RevParry, rF+ rC+}

%: harm (+30% outgoing, +20% incoming), resist mutation, guardian spirit
@: no status effects
A: off-hand wielding, slow wielding, warmup strikes, no jewellery, subdued magic
1
0: Orb of Zot
}: 3/15 runes: barnacled, slimy, silver
a: Renounce Religion, Heroism, Finesse, Duel


You escaped.
You worshipped Okawaru.
Okawaru was exalted by your worship.
You visited 10 branches of the dungeon, and saw 49 of its levels.
You visited the Abyss 2 times.
You also visited: Desolation.

You collected 6745 gold pieces.
You spent 3530 gold pieces at shops.

Inventory:

Hand Weapons
 v - the +11 sling of the Ghost {elec, Dex+3}
   (You acquired it on level 3 of the Shoals)

   Dex+3:     It affects your dexterity (+3).
 Q - a +5 hand cannon of freezing (weapon) {Suthep}
 T - a +9 heavy hand cannon (offhand) {Fredrik}
Missiles
 g - 16 curare-tipped darts
 F - 2 throwing nets
Armour
 e - a +2 pair of boots (worn)
 t - the +3 ring mail "Sufaishro" (worn) {Harm rPois Regen+ Stlth-}
   (You found it on level 13 of the Dungeon)

   rPois:     It protects you from poison.
   Regen+:    It increases your rate of health regeneration.
   Harm:      It increases damage dealt and taken.
   Stlth-:    It makes you less stealthy.
 u - the +4 dragonskin cloak (worn) {Aegis}
   (You took it off Tiamat on level 1 of the Realm of Zot)

   Avatar's Aegis: It grants the wearer a chance to resist fire, cold, poison,
   electricity, acid, and negative energy.
 y - a +2 pair of gloves (worn)
 G - a +2 cloak of willpower
 J - the -2 hat of the Alchemist (worn) {rElec rPois rF+ rC+ rN+ Will+ rMut rCorr}
   (Okawaru gifted it to you on level 15 of the Dungeon)

   rF+:       It protects you from fire.
   rC+:       It protects you from cold.
   rElec:     It insulates you from electricity.
   rPois:     It protects you from poison.
   rN+:       It protects you from negative energy.
   Will+:     It increases your willpower.
   rCorr:     It protects you from acid and corrosion.
   rMut:      It protects you from mutation.
Gizmo
 Z - a dynamic matrix (installed) {RevParry, rF+ rC+}
   (You invented it yourself on level 2 of the Abyss)

   [dynamic matrix]

   RevParry:  Your AC increases as you Rev (up to +5) and while fully Revved,
   your attacks may disarm enemies.
   rF+:       It protects you from fire.
   rC+:       It protects you from cold.
Jewellery
 x - the ring of the Trout {Fly rC+ rN+ Slay+3}
   (You found it in the Desolation of Salt)

   [ring of flight]

   Slay+3:    It affects your accuracy & damage with ranged weapons and melee
   (+3).
   rC+:       It protects you from cold.
   rN+:       It protects you from negative energy.
   Fly:       It grants you flight.
 E - a +6 ring of dexterity (left grasper)
 M - an amulet of guardian spirit (around neck)
 Y - the ring "Qelinn" (right grasper) {Will+ Dex+6 SInv Stlth+}
   (You bought it in a shop on level 1 of the Depths)

   [ring of dexterity]

   Dex+6:     It affects your dexterity (+6).
   Will+:     It increases your willpower.
   SInv:      It lets you see invisible.
   Stlth+:    It makes you more stealthy.
Wands
 a - a wand of iceblast (15)
 o - a wand of polymorph (18)
 r - a wand of flame (91)
 w - a wand of digging (23)
 D - a wand of light (25)
 I - a wand of mindburst (26)
 S - a wand of paralysis (29)
Scrolls
 b - 6 scrolls of poison
 d - 5 scrolls of silence
 h - 3 scrolls of fog
 i - 8 scrolls of immolation
 k - 6 scrolls of fear
 l - 9 scrolls of revelation
 m - 9 scrolls of vulnerability
 s - 3 scrolls of blinking
 A - 12 scrolls of teleportation
 K - 4 scrolls of torment
 L - 4 scrolls of enchant armour
 N - 5 scrolls of amnesia
Potions
 c - 4 potions of cancellation
 f - 16 potions of curing
 n - 7 potions of heal wounds
 p - 3 potions of invisibility
 q - 7 potions of attraction
 z - 8 potions of berserk rage
 B - 8 potions of brilliance
 C - 6 potions of mutation
 H - 6 potions of haste
 P - 2 potions of resistance
 R - 2 potions of ambrosia
 U - 10 potions of might
 V - 10 potions of enlightenment
 W - 5 potions of magic
Miscellaneous
 O - a condenser vane
 X - a lightning rod (4/4)


   Skills:
 + Level 17.2 Fighting
 O Level 27 Ranged Weapons
 - Level 12.0 Armour
 + Level 22.6 Dodging
 - Level 3.0 Stealth
 - Level 3.0 Spellcasting
 - Level 9.0 Hexes
 - Level 11.0 Translocations
 - Level 0.8 Fire Magic
 - Level 12.0 Invocations
 - Level 20.0 Evocations


You had 20 spell levels left.
You knew the following spells:

 Your Spells              Type           Power      Damage    Failure   Level
a - Dimensional Bullseye  Hex/Tloc       11%        N/A       5%          4
b - Blink                 Tloc           50%        N/A       1%          2
c - Jinxbite              Hex            42%        N/A       1%          2
d - Passage of Golubria   Tloc           25%        N/A       3%          4

Your spell library contained the following spells:

 Spells                   Type           Power      Damage    Failure   Level
 Apportation              Tloc           50%        N/A       1%          1
 Slow                     Hex            84%        N/A       1%          1
 Lesser Beckoning         Tloc           50%        N/A       1%          2
 Maxwell's Portable Pile  Tloc           25%        2d(7-21)  1%          3
 Confusing Touch          Hex            21%        N/A       2%          3
 Sigil of Binding         Hex            21%        N/A       2%          3
 Momentum Strike          Conj/Tloc      26%        3d8       5%          2
 Ensorcelled Hibernation  Hex/Ice        22%        N/A       8%          2
 Volatile Blastmotes      Fire/Tloc      28%        2d12      9%          3
 Cause Fear               Hex            10%        N/A       9%          4
 Inner Flame              Hex/Fire       12%        N/A       14%         3
 Dazzling Flash           Conj/Hex       22%        N/A       17%         3
 Freeze                   Ice            4%         1d3       34%         1
 Magic Dart               Conj           4%         1d3       34%         1
 Necrotise                Necr           4%         1d4       34%         1
 Sandblast                Erth           2%         2d4       34%         1
 Shock                    Conj/Air       4%         1d3       34%         1
 Sting                    Conj/Alch      4%         1d3       34%         1
 Scorch                   Fire           6%         2d5       36%         2
 Vhi's Electric Charge    Tloc/Air       26%        N/A       36%         4
 Cigotuvi's Dreadful Rot  Necr/Alch/Air  2%         N/A       50%         2
 Searing Ray              Conj           2%         2d4       50%         2
 Static Discharge         Conj/Air       2%         3-4/arc   50%         2
 Anguish                  Hex/Necr       5%         N/A       50%         4
 Frozen Ramparts          Ice            2%         1d1       73%         3
 Fugue of the Fallen      Necr           1%         N/A       73%         3
 Hailstorm                Conj/Ice       1%         3d5       73%         3
 Mephitic Cloud           Conj/Alch/Air  1%         N/A       73%         3
 Ozocubu's Armour         Ice            1%         N/A       73%         3
 Passwall                 Erth           1%         N/A       73%         3
 Stone Arrow              Conj/Erth      2%         3d7       73%         3
 Vampiric Draining        Necr           1%         2d6       73%         3
 Silence                  Hex/Air        5%         N/A       86%         5
 Yara's Violent Unravell  Hex/Alch       5%         3d4       86%         5
 Flame Wave               Conj/Fire      2%         2d4       97%         4
 Ignite Poison            Fire/Alch      2%         N/A       97%         4
 Sticky Flame             Fire/Alch      2%         2d4       97%         4
 Brom's Barrelling Bould  Conj/Erth      1%         2d3       98%         4
 Dispel Undead            Necr           1%         3d6       98%         4
 Fulminant Prism          Conj/Alch      0%         3d5       98%         4
 Manifold Assault         Tloc           12%        N/A       98%         7
 Alistair's Intoxication  Alch           0%         N/A       100%        5
 Borgnjor's Vile Clutch   Necr/Erth      0%         N/A       100%        5
 Curse of Agony           Necr           1%         N/A       100%        5
 Fireball                 Conj/Fire      1%         3d3       100%        5
 Freezing Cloud           Conj/Ice/Air   0%         6-21      100%        5
 Bombard                  Conj/Erth      0%         9d1       100%        6
 Eringya's Noxious Bog    Alch           0%         4d6       100%        6
 Permafrost Eruption      Ice/Erth       0%         2x4d1     100%        6
 Plasma Beam              Fire/Air       1%         2x1d11    100%        6
 Starburst                Conj/Fire      1%         6d3       100%        6
 Enfeeble                 Hex            10%        N/A       100%        7
 Orb of Destruction       Conj           0%         9d5       100%        7
 Ozocubu's Refrigeration  Ice            0%         4d7       100%        7
 Maxwell's Capacitive Co  Air            0%         ∞         100%        8
 Chain Lightning          Conj/Air       0%         2d1       100%        9
 Fire Storm               Conj/Fire      1%         7d1       100%        9
 Shatter                  Erth           0%         3d5*      100%        9
 Tukima's Dance           Hex            Unusable   N/A       N/A         3
 Summon Small Mammal      Summ           Unusable   N/A       N/A         1
 Call Imp                 Summ           Unusable   N/A       N/A         2
 Summon Ice Beast         Ice/Summ       Unusable   N/A       N/A         3
 Summon Mana Viper        Hex/Summ       Unusable   N/A       N/A         5
 Summon Blazeheart Golem  Fire/Summ      Unusable   N/A       N/A         4
 Martyr's Knell           Necr/Summ      Unusable   N/A       N/A         4
 Summon Lightning Spire   Summ/Air       Unusable   N/A       N/A         4
 Death Channel            Necr           Unusable   N/A       N/A         6
 Sculpt Simulacrum        Ice/Alch       Unusable   N/A       N/A         6
 Summon Cactus Giant      Summ           Unusable   N/A       N/A         6
 Monstrous Menagerie      Summ           Unusable   N/A       N/A         7
 Spellforged Servitor     Conj/Summ      Unusable   N/A       N/A         7
 Dragon's Call            Summ           Unusable   N/A       N/A         9

Dungeon Overview and Level Annotations

Branches:
Dungeon (15/15)            Temple (1/1) D:7            Lair (5/5) D:10
 Shoals (4/4) Lair:2       Spider (0/4) Lair:2        Slime (5/5) Lair:4
    Orc (2/2) D:10            Elf (3/3) Orc:2        Vaults (5/5) D:14
  Crypt (0/3) Vaults:3     Depths (4/4) D:15            Zot (5/5) Depths:4
Desolation (visited)

Altars:
Ashenzari
Cheibriados
Dithmenos
Elyvilon
Fedhas
Gozag
Hepliaklqana
Kikubaaqudgha
Makhleb
Nemelex Xobeh
Okawaru
Qazlal
Ru
Sif Muna
Trog
Uskayaw
Vehumet
Wu Jian
Xom
Yredelemnul
Zin
The Shining One
Beogh

Shops:
D:10 *:?[   D:13 :   D:14 =   Orc:1 =   Orc:2 ![*:   Vaults:1 *   Vaults:3 !
Vaults:5 !   Depths:1 ==:

Portals:
Hell: Depths:1 Depths:2 Depths:3 Depths:4
Abyss: Zot:4 Depths:2 Depths:3
Pandemonium: Orc:2 Depths:2 Depths:3 Depths:4
Ziggurat: Depths:3
Trove: D:10 (show slimy rune of Zot)

Annotations:
D:7 3 runed translucent doors, exclusion: moth of wrath, NotBatman's ghost, novice DrSh
Shoals:1 exclusion: downstairs
Depths:3 7 runed translucent doors
Zot:3 exclusion: downstairs
Zot:4 2 transporters, Lethruas's ghost, veteran MfBe


Innate Abilities, Weirdness & Mutations

You can wield a second weapon in your off-hand.
It takes a long time for you to wield or remove held weapons.
Your first few attacks do less damage.
You cannot equip rings or amulets.
Your spells are a little easier to cast, but a little less powerful.


Message History

No target in view!
(D) Dungeon (T) Temple (L) Lair (A) Shoals (N) Spider Nest (M) Slime Pits (O) Orcish Mines (E) Elven Halls (V) Vaults (C) Crypt (U) Depths (H) Hell (Z) Zot
Where to? (Tab/Enter - D:1 @ (x,y), ? - help)
A hellwing comes into view.
A smoke demon comes into view.
You shoot a slug. The slug hits the smoke demon!!
The slug freezes the smoke demon!
You kill the smoke demon!
Okawaru accepts your kill.
You shoot a slug. The slug hits the hellwing!!!
You kill the hellwing!
Okawaru accepts your kill.
No target in view!
No target in view!
(D) Dungeon (T) Temple (L) Lair (A) Shoals (N) Spider Nest (M) Slime Pits (O) Orcish Mines (E) Elven Halls (V) Vaults (C) Crypt (U) Depths (H) Hell (Z) Zot
Where to? (Tab/Enter - D:1 @ (x,y), ? - help)
Things that are here:
a +0 leather armour; a +0 club
There is a stone staircase leading up here.
You climb upwards.
There is a stone staircase leading down here.
A reaper comes into view.
It is wielding a +3 scythe of protection.
There is a stone staircase leading up here.
You climb upwards.
There is a stone staircase leading down here.
(D) Dungeon (T) Temple (L) Lair (A) Shoals (N) Spider Nest (M) Slime Pits (O) Orcish Mines (E) Elven Halls (V) Vaults (C) Crypt (U) Depths (H) Hell (Z) Zot
Where to? (Tab/Enter - D:1 @ (x,y), ? - help)
There is a stone staircase leading up here.
You climb upwards.
There is a stone staircase leading down here.
There is a staircase leading out of the dungeon here.
You have escaped!

...†# #.#.#.
)...########################.#.#.
....'......................#.#...
....######............####.#.....
....######.♣♣♣♣♣♣♣♣♣..#.........#
###.....##.♣P.......♣.#.##.####.#
..#......#.♣P...P...♣.#.##....#.#
#.#........♣...P...P♣.#.##..#.#.#
#.#......#.♣..P.@.PP♣.#.##..#.#.#
#..........♣.P...P..♣.#.##..#.#.#
.#......##.♣....P...♣.#.##..#.#.#
.#......##.♣...P....♣.#.##....#.#
.##.....##.♣......P.♣.#.##..[.#.#
.##.........♣♣♣♣♣♣♣♣♣.#.##....#.#
.####....#............#.##..#.#.#
.#######.........######.##..###.#
....................# #.##......#


There were no monsters in sight!

Vanquished Creatures
  the Royal Jelly (Slime:5)
  Tiamat (Zot:1)
  6 orbs of fire
  A dread lich (Vaults:5)
  7 ancient liches (Zot:5)
  Mennas (Vaults:5)
  Sojobo (Depths:1)
  Boris (Vaults:2)
  4 Killer Klowns (Zot:5)
  A caustic shrike (Depths:2)
  Saint Roka (D:14)
  Margery (Vaults:5)
  A curse toe (Zot:4)
  8 golden dragons
  A bone dragon (Elf:1)
  2 electric golems (Zot:5)
  A walking earthen tome (Depths:4)
  A lich (Depths:4)
  26 Orb Guardians
  A walking crystal tome (Depths:4)
  21 tentacled monstrosities
  Mlioglotl (Shoals:2)
  2 deep elf blademasters (Elf:3)
  12 quicksilver dragons
  4 sphinxes
  A kraken (Shoals:1)
  2 deep elf master archers (Elf:3)
  A searing wretch (Vaults:5)
  10 death cobs
  An ancient champion (Vaults:3)
  Gastronok (D:8)
  17 acid blobs
  Polyphemus (Shoals:2)
  4 tentacled starspawn (Abyss:2)
  Agnes (Elf:1)
  10 shadow dragons
  Donald (Elf:3)
  18 storm dragons
  9 tengu reavers
  10 protean progenitors
  Ilsuiw (Shoals:2)
  10 rockslimes
  5 draconian monks
  8 draconian knights
  13 azure jellies
  7 deep elf sorcerers
  2 imperial myrmidons (Desolation)
  6 frost giants
  2 iron dragons
  4 ghost moths
  6 fire giants
  18 vault wardens
  13 draconian scorchers
  2 deep elf elementalists (Elf:3)
  3 draconian stormcallers
  10 draconian shifters
  A balrug (Depths:3)
  2 angels
  Louise (Elf:1)
  12 formless jellyfish
  A spriggan defender (Depths:3)
  15 quicksilver oozes
  An orc warlord (Vaults:1)
  A broodmother (Zot:5)
  21 ironbound preservers
  30 very ugly things
  2 reapers
  15 ironbound thunderhulks
  9 draconian annihilators
  17 stone giants
  2 vampire knights
  3 dire elephants
  12 green draconians
  Nessos (D:14)
  3 halazid warlocks (Desolation)
  11 purple draconians
  10 black draconians
  17 white draconians
  19 yellow draconians
  3 war gargoyles
  10 red draconians
  8 deep elf death magi
  5 deep elf demonologists (Elf:3)
  2 bunyips (Zot:3)
  5 spark wasps
  6 deep elf annihilators
  2 entropy weavers
  11 fire dragons
  9 merfolk impalers
  12 yaktaur captains
  6 crystal guardians
  6 deep elf high priests
  27 vault guards
  An entropy weaver (shapeshifter) (Elf:1)
  4 merfolk javelineers
  7 ettins
  An ogre mage (Vaults:5)
  10 great orbs of eyes
  10 ice dragons
  7 servants of whispers (Desolation)
  14 peacekeepers
  7 spriggan air magi
  6 hydras
  6 rakshasas
  Erolcha (D:12)
  A demonspawn (Orc:2)
  2 merfolk avatars
  7 boulder beetles
  2 alligator snapping turtles (Shoals:4)
  2 catoblepae
  12 ironbound frosthearts
  5 tengu warriors
  A sphinx skeleton (Vaults:3)
  8 two-headed ogres
  13 centaur warriors
  Erica (Lair:2)
  14 death yaks
  2 satyrs (Shoals:4)
  3 merfolk aquamancers
  22 dancing weapons
  10 deep troll earth magi
  A vampire mage (Depths:3)
  15 deep troll shamans
  A two-headed ogre (shapeshifter) (Vaults:5)
  10 spriggan berserkers
  An occultist (Depths:3)
  11 orc high priests
  A spriggan (Depths:3)
  A thrashing horror (Abyss:2)
  A soul eater (Depths:3)
  18 deep elf knights
  13 hell knights
  A fire crab (Lair:2)
  A shadow wraith (Vaults:5)
  2 sixfirhies (Abyss:2)
  12 iron trolls
  A sun demon (Depths:2)
  64 deep trolls
  7 skeletal warriors
  3 skysharks
  16 deep elf archers
  2 spriggan druids (Elf:1)
  9 large abominations
  17 sea snakes
  2 flayed ghosts
  A death drake (Abyss:2)
  6 glowing orange brains
  A shadow demon (Depths:3)
  2 phantasmal warriors (Vaults:5)
  9 lindwurms
  10 arcanists
  An orange crystal statue (Zot:5)
  24 ironbound convokers
  22 harpies
  9 orc knights
  6 thermic dynamos
  26 deep elf pyromancers
  21 deep elf zephyrmancers
  11 necromancers
  A wolf spider (Lair:5)
  3 obsidian bats
  44 ugly things
  14 manticores
  2 fire giant zombies (Vaults:3)
  7 shining eyes
  6 orc sorcerers
  A tengu skeleton (Vaults:3)
  6 cyclopes
  Maurice (D:8)
  An iron dragon skeleton (Vaults:3)
  2 fauns (Shoals:1)
  A shining eye (shapeshifter) (Elf:1)
  27 moths of wrath
  24 elephants
  A moth of wrath (shapeshifter) (D:14)
  4 guardian serpents
  2 frost giant skeletons (Vaults:3)
  6 smoke demons
  6 black mambas
  9 merfolk sirens
  15 vault sentinels
  2 kobold blastminers (Orc:2)
  10 water nymphs
  A molten gargoyle (Desolation)
  A torpor snail (Lair:5)
  4 eyes of devastation
  An eye of devastation (shapeshifter) (Elf:1)
  2 water nymphs (shapeshifter)
  16 cane toads
  5 kobold demonologists
  6 unseen horrors
  2 hellions
  6 komodo dragons
  4 freezing wraiths
  3 rime drakes
  3 tengu conjurers
  2 ice devils
  Psyche (D:8)
  2 efreet (D:14)
  A yaktaur zombie (Vaults:3)
  A red devil (Depths:2)
  35 yaktaurs
  An elf skeleton (Vaults:3)
  7 trolls
  2 yaktaur skeletons (Vaults:3)
  A polar bear (Lair:3)
  18 merfolk
  5 hornets
  2 tyrant leeches (Zot:1)
  A raiju (shapeshifter) (D:13)
  A hellwing (D:4)
  A blink frog (shapeshifter) (D:14)
  9 wind drakes
  Prince Ribbit (D:7)
  47 saltlings (Desolation)
  4 raiju (Abyss:2)
  A tarantella (Vaults:1)
  2 glass eyes
  12 blink frogs
  11 snapping turtles
  16 dream sheep
  A centaur simulacrum (D:15)
  95 slime creatures
  A vampire (D:13)
  2 ettin skeletons
  4 air elementals
  20 water elementals
  17 wyverns
  A shadow (D:9)
  49 yaks
  3 ynoxinuls (Abyss:2)
  A culicivora (Vaults:1)
  8 starcursed masses (Abyss:2)
  Eustachio (D:4)
  A fire elemental (Elf:2)
  A neqoxec (Abyss:2)
  A steam dragon (D:10)
  A redback (shapeshifter) (D:15)
  3 vampire mosquitoes (D:14)
  2 basilisks
  4 chaos spawn
  3 redbacks (Lair:5)
  2 acid dragons
  22 water moccasins
  An ogre skeleton (Vaults:3)
  2 glowing shapeshifter skeletons (Vaults:3)
  A sky beast (D:7)
  31 orc warriors
  3 black bears
  5 ogres
  2 human skeletons (Vaults:3)
  6 laughing skulls
  2 ice beasts
  13 centaurs
  9 small abominations
  4 wolves (Lair:4)
  A phantom (D:5)
  2 kobold brigands
  3 weeping skulls (Abyss:2)
  11 bullfrogs
  2 scorpions (D:5)
  2 earth elementals
  11 wights
  9 killer bees
  7 electric eels
  A howler monkey (D:14)
  2 jellies
  3 gnoll boudas
  28 orc priests
  4 hounds
  2 sleepcaps
  Jessica (D:2)
  3 iguanas
  15 orc wizards
  16 gnolls
  2 river rats (D:5)
  8 adders
  A white imp (D:3)
  3 ufetubi (Abyss:2)
  2 ribbon worms
  75 orcs
  6 ball pythons
  7 endoplasms
  6 giant cockroaches
  13 hobgoblins
  5 quokkas
  8 bats
  3 frilled lizards
  8 goblins
  20 kobolds
  10 rats
  6 aspiring fleshes
  2 butterflies
  4 tentacles (Shoals:1)
2227 creatures vanquished.

Vanquished Creatures (others)
  A hell knight (Depths:2)
  A deep elf knight (Elf:3)
  An ettin skeleton (Vaults:3)
  An orc (Orc:2)
  5 starspawn tentacles (Abyss:2)
  5 tentacles (Shoals:1)
14 creatures vanquished.

Grand Total: 2241 creatures vanquished

Notes
Turn   | Place    | Note
-------+----------+-------------------------------------------
     0 | D:1      | ragingrage the Coglin Hexslinger began the quest for the
                  | Orb.
     0 | D:1      | Reached XP level 1. HP: 15/15 MP: 2/2
   170 | D:1      | Reached XP level 2. HP: 21/21 MP: 3/3
   183 | D:1      | Reached skill level 2 in Ranged Weapons
   183 | D:1      | Reached skill level 1 in Stealth
   402 | D:1      | Reached XP level 3. HP: 26/26 MP: 4/4
   955 | D:2      | Learned a level 2 spell: Jinxbite
  1200 | D:2      | Reached XP level 4. HP: 32/32 MP: 5/5
  1217 | D:2      | Found a stormy altar of Qazlal.
  1260 | D:2      | Noticed Jessica
  1264 | D:2      | Killed Jessica
  1493 | D:3      | Found a faded altar of an unknown god.
  1516 | D:3      | Found a shimmering altar of Xom.
  1604 | D:3      | Reached XP level 5. HP: 8/37 MP: 3/6
  1605 | D:3      | Reached skill level 3 in Ranged Weapons
  1865 | D:3      | Found an opulent altar of Gozag.
  2082 | D:3      | Found a shadowy altar of Dithmenos.
  2281 | D:4      | Identified the +1 quarterstaff of Propriety {freeze, Str+2
                  | Dex-3 SInv}
  2393 | D:4      | Reached skill level 4 in Ranged Weapons
  2393 | D:4      | Reached XP level 6. HP: 43/43 MP: 4/7
  2542 | D:4      | Found a glowing golden altar of the Shining One.
  2628 | D:4      | Learned a level 2 spell: Blink
  2778 | D:4      | Found a basalt altar of Yredelemnul.
  2780 | D:4      | Noticed a profane servitor
  2812 | D:4      | Noticed Eustachio
  2834 | D:4      | Killed Eustachio
  3116 | D:4      | Noticed an angel
  3150 | D:5      | Entered Level 5 of the Dungeon
  3241 | D:5      | Reached skill level 5 in Ranged Weapons
  3241 | D:5      | Reached XP level 7. HP: 41/46 MP: 5/8
  3308 | D:5      | Reached skill level 5 in Hexes
  3436 | D:5      | Reached skill level 6 in Ranged Weapons
  3702 | D:5      | Found a shimmering blue altar of Sif Muna.
  3750 | D:5      | Reached XP level 8. HP: 54/54 MP: 7/9
  4115 | D:5      | Reached skill level 7 in Ranged Weapons
  4557 | D:6      | Reached skill level 8 in Ranged Weapons
  5290 | D:7      | Reached skill level 9 in Ranged Weapons
  5295 | D:7      | Reached XP level 9. HP: 59/59 MP: 7/10
  5341 | D:7      | Found a runed translucent gate.
  5342 | D:7      | Found a runed translucent gate.
  5342 | D:7      | Found a runed translucent gate.
  5343 | D:7      | Noticed NotBatman's ghost (novice DrSh)
  5364 | D:7      | Found a staircase to the Ecumenical Temple.
  5373 | Temple   | Entered the Ecumenical Temple
  5389 | Temple   | Became a worshipper of Warmaster Okawaru
  5408 | Temple   | Identified a scroll of acquirement
  5409 | Temple   | Acquired a +3 sling of freezing
  5603 | D:7      | Reached skill level 10 in Ranged Weapons
  5707 | D:7      | Reached * piety under Okawaru
  5980 | D:7      | Noticed a moth of wrath
  5988 | D:7      | Found a bloodstained altar of Trog.
  6113 | D:8      | Noticed Prince Ribbit
  6113 | D:8      | Noticed a two-headed ogre
  6125 | D:7      | Killed Prince Ribbit
  6300 | D:8      | Found an ornate altar of the Wu Jian Council.
  6324 | D:8      | Reached skill level 11 in Ranged Weapons
  6376 | D:8      | Noticed Maurice
  6383 | D:8      | Maurice stole 7 curare-tipped darts
  6387 | D:8      | Killed Maurice
  6387 | D:8      | Reached ** piety under Okawaru
  6615 | D:8      | Reached XP level 10. HP: 65/65 MP: 9/11
  6780 | D:8      | Killed a two-headed ogre
  6781 | D:8      | Reached skill level 12 in Ranged Weapons
  7072 | D:8      | Reached skill level 13 in Ranged Weapons
  7168 | D:8      | Noticed Psyche
  7309 | D:8      | Killed Psyche
  7410 | D:8      | Noticed Gastronok
  7655 | D:8      | Reached *** piety under Okawaru
  7764 | D:8      | Killed Gastronok
  7765 | D:8      | Reached skill level 14 in Ranged Weapons
  7765 | D:8      | Reached XP level 11. HP: 66/72 MP: 12/12
  8544 | D:9      | Found a sacrificial altar of Ru.
  8880 | D:9      | Reached **** piety under Okawaru
  8881 | D:9      | Reached skill level 1 in Invocations
  9624 | D:10     | Entered Level 10 of the Dungeon
  9624 | D:10     | Found Xenastaest's Antique Armour Emporium.
  9772 | D:10     | Bought a masterwork ring mail for 297 gold pieces
  9772 | D:10     | Identified the +0 ring mail of Paosh {rC- rCorr Str+7} (You
                  | bought it in a shop on level 10 of the Dungeon)
  9859 | D:10     | Found a staircase to the Lair.
  9920 | D:10     | Paralysed by a hornet for 3 turns
 10062 | D:10     | Found Dojarph's Magic Scroll Shop.
 10070 | D:10     | Bought a scroll of revelation for 90 gold pieces
 10127 | D:10     | Found Odoquif's General Store.
 10185 | D:10     | Found a staircase to the Orcish Mines.
 10280 | D:10     | Identified the +11 dagger "Foazicy" {freeze, *Slow rN+
                  | Will+ Int+2}
 10448 | D:10     | Found Cerri's Book Shop.
 10520 | D:10     | Found a portal to a secret trove of treasure.
 10674 | D:11     | Noticed a two-headed ogre
 10679 | D:11     | Killed a two-headed ogre
 10707 | D:11     | Noticed a cyclops
 10713 | D:11     | Killed a cyclops
 10830 | D:11     | Noticed a boulder beetle
 10841 | D:11     | Killed a boulder beetle
 10893 | D:11     | Reached ***** piety under Okawaru
 10895 | D:11     | Noticed a sun demon
 11281 | D:11     | Reached skill level 5 in Fighting
 11804 | Lair:1   | Entered Level 1 of the Lair of Beasts
 11882 | Lair:1   | Reached skill level 5 in Dodging
 11886 | Lair:1   | Received a gift from Okawaru
 12158 | Lair:1   | Identified the +0 shortbow "Tytigit" {drain, Str+8}
 12245 | Lair:1   | Reached XP level 12. HP: 87/87 MP: 15/15
 12692 | Lair:2   | Reached skill level 5 in Invocations
 12734 | Lair:2   | Got the Spellbook of the Blazing Evil Eye
 12745 | Lair:2   | Noticed Erica
 12970 | Lair:2   | Killed Erica
 12970 | Lair:2   | Received a gift from Okawaru
 13136 | Lair:2   | Identified the +8 dagger of Guss {holy, Int+4}
 13278 | Lair:2   | Reached skill level 1 in Armour
 13338 | Lair:2   | Found a staircase to the Shoals.
 13421 | Lair:2   | Noticed a skyshark
 13430 | Lair:2   | Killed a skyshark
 13658 | Lair:2   | Found a hole to the Spider Nest.
 13725 | Lair:2   | Noticed a dire elephant
 13725 | Lair:2   | Noticed a dire elephant
 13745 | Lair:2   | Found a runed translucent door.
 14239 | Lair:3   | Reached XP level 13. HP: 99/99 MP: 14/16
 14261 | Lair:3   | Received a gift from Okawaru
 14517 | Lair:3   | Reached ****** piety under Okawaru
 14518 | Lair:3   | Acquired a +5 heavy hand cannon
 14518 | Lair:3   | Received a gift from Okawaru
 15702 | Lair:4   | Received a gift from Okawaru
 15703 | Lair:4   | Reached skill level 5 in Armour
 16229 | Lair:4   | Found a staircase to the Slime Pits.
 16235 | Lair:5   | Entered Level 5 of the Lair of Beasts
 16481 | Lair:5   | Reached skill level 10 in Fighting
 16556 | Lair:5   | Received a gift from Okawaru
 16665 | Lair:5   | Reached skill level 10 in Dodging
 16665 | Lair:5   | Reached XP level 14. HP: 92/110 MP: 13/17
 16797 | Lair:5   | Reached skill level 15 in Ranged Weapons
 16800 | Lair:5   | Received a gift from Okawaru
 17039 | Lair:5   | Received a gift from Okawaru
 17267 | Lair:5   | Identified the +4 halberd of Tender Mercy {venom, ^Drain
                  | rF++ Str+3 Dex+3}
 18079 | D:12     | Received a gift from Okawaru
 18303 | D:12     | Noticed Erolcha
 18304 | Abyss:2  | Cast into level 2 of the Abyss (Erolcha)
 18305 | Abyss:2  | Acquired a dynamic matrix {RevParry, rF+ rC+}
 18306 | Abyss:2  | Found a corrupted altar of Lugonu.
 18394 | Abyss:2  | Noticed a starcursed mass
 18405 | Abyss:2  | Reached skill level 16 in Ranged Weapons
 18410 | Abyss:2  | Reached XP level 15. HP: 112/115 MP: 18/18
 18427 | Abyss:2  | Noticed a tentacled monstrosity
 18432 | Abyss:2  | Killed a tentacled monstrosity
 18461 | Abyss:2  | Noticed a tentacled starspawn
 18468 | Abyss:2  | Killed a tentacled starspawn
 18500 | Abyss:2  | Noticed a bone dragon
 18527 | Abyss:2  | Noticed a bone dragon
 18661 | Abyss:2  | Received a gift from Okawaru
 18680 | D:12     | Escaped the Abyss
 18683 | D:12     | Killed Erolcha
 19092 | Orc:1    | Entered Level 1 of the Orcish Mines
 19092 | Orc:1    | Found Segyet's Jewellery Shoppe.
 19302 | Orc:2    | Entered Level 2 of the Orcish Mines
 19641 | Orc:2    | Found an iron altar of Okawaru.
 19782 | Orc:1    | Reached skill level 10 in Armour
 20003 | Orc:2    | Received a gift from Okawaru
 20018 | Orc:2    | Found a staircase to the Elven Halls.
 20300 | Orc:2    | Found Kucey's Distillery.
 20321 | Orc:2    | Found Biqul's General Store.
 20400 | Orc:2    | Bought a potion of enlightenment for 75 gold pieces
 20400 | Orc:2    | Bought a potion of heal wounds for 75 gold pieces
 20400 | Orc:2    | Bought a potion of heal wounds for 75 gold pieces
 20400 | Orc:2    | Bought a potion of degeneration for 15 gold pieces
 20451 | Orc:2    | Found a roughly hewn altar of Beogh.
 20583 | Orc:2    | Reached skill level 17 in Ranged Weapons
 21061 | Orc:2    | Found Pudwun's Book Boutique.
 21061 | Orc:2    | Found Pubricac's Antique Armour Shop.
 21062 | Orc:2    | Found a one-way gate leading to the halls of Pandemonium.
 21066 | Orc:2    | Bought a faintly glowing robe for 176 gold pieces
 21066 | Orc:2    | Identified the +1 robe "Moaceept" {Str+3} (You bought it in
                  | a shop on level 2 of the Orcish Mines)
 21245 | D:13     | Received a gift from Okawaru
 21333 | D:13     | Reached XP level 16. HP: 122/122 MP: 19/19
 21486 | D:13     | Identified the +3 ring mail "Sufaishro" {Harm rPois Regen+
                  | Stlth-}
 21492 | D:13     | Found Peseixkoiq's Book Shop.
 21843 | D:14     | Reached skill level 18 in Ranged Weapons
 21903 | D:14     | Reached skill level 1 in Evocations
 22006 | D:14     | Received a gift from Okawaru
 22066 | D:14     | Found Tygec's Jewellery Boutique.
 22234 | D:14     | You fall into a shaft and drop 1 floor!
 22234 | D:15     | Entered Level 15 of the Dungeon
 22868 | D:15     | Received a gift from Okawaru
 23002 | D:15     | Acquired the -2 hat of the Alchemist {rElec rPois rF+ rC+
                  | rN+ Will+ rMut rCorr}
 23002 | D:15     | Received a gift from Okawaru
 23002 | D:15     | Found the -2 hat of the Alchemist {rElec rPois rF+ rC+ rN+
                  | Will+ rMut rCorr}
 23059 | D:15     | Reached skill level 5 in Evocations
 23099 | D:15     | Found a staircase to the Depths.
 23629 | Shoals:1 | Entered Level 1 of the Shoals
 23644 | Shoals:1 | Noticed a kraken
 23651 | Shoals:1 | Killed a kraken
 23733 | Shoals:1 | Received a gift from Okawaru
 23971 | Shoals:1 | Noticed a kraken
 24353 | Shoals:2 | Noticed Ilsuiw
 25520 | Shoals:2 | Reached XP level 17. HP: 126/128 MP: 21/23
 25521 | Shoals:2 | Received a gift from Okawaru
 25640 | Shoals:2 | Killed Ilsuiw
 25797 | Shoals:2 | Noticed Mlioglotl
 25813 | Shoals:2 | Killed Mlioglotl
 25821 | Shoals:2 | Reached skill level 10 in Evocations
 25901 | Shoals:2 | Noticed Polyphemus
 25908 | Shoals:2 | Killed Polyphemus
 26388 | Shoals:3 | Received a gift from Okawaru
 26478 | Shoals:3 | Acquired the +11 sling of the Ghost {elec, Dex+3}
 26871 | Shoals:4 | Entered Level 4 of the Shoals
 27110 | Shoals:4 | Received a gift from Okawaru
 27504 | Shoals:4 | Received a gift from Okawaru
 27586 | Shoals:4 | Reached XP level 18. HP: 93/136 MP: 14/24
 27734 | Shoals:4 | Got a barnacled rune of Zot
 28214 | Elf:1    | Entered Level 1 of the Elven Halls
 28307 | Elf:1    | Gained mutation: Your spells are a little easier to cast,
                  | but a little less powerful. [a shining eye]
 28310 | Elf:1    | Noticed Agnes
 28314 | Elf:1    | Killed Agnes
 28719 | Elf:1    | Noticed Louise
 28721 | Abyss:2  | Cast into level 2 of the Abyss (Louise)
 28756 | Abyss:2  | Noticed a bone dragon
 28931 | Abyss:2  | Received a gift from Okawaru
 28995 | Abyss:2  | Found a corrupted altar of Lugonu.
 29075 | Abyss:2  | Noticed a bone dragon
 29081 | Elf:1    | Escaped the Abyss
 29087 | Elf:1    | Killed a bone dragon
 29091 | Elf:1    | Killed Louise
 29682 | Elf:2    | Reached skill level 15 in Evocations
 29721 | Elf:2    | Received a gift from Okawaru
 29802 | Elf:2    | Paralysed by an air elemental for 1 turns
 29884 | Elf:2    | Found a runed translucent gate.
 29885 | Elf:2    | Found a runed translucent gate.
 29885 | Elf:2    | Found a runed translucent gate.
 30183 | Elf:3    | Entered Level 3 of the Elven Halls
 30491 | Elf:3    | Identified the +0 kite shield of the Engineer {rN+ Slay+3}
 30491 | Elf:3    | Noticed Donald
 30505 | Elf:3    | Killed Donald
 30674 | Elf:3    | Received a gift from Okawaru
 30962 | Elf:3    | Reached XP level 19. HP: 118/148 MP: 19/25
 31371 | Elf:3    | Received a gift from Okawaru
 31398 | Elf:3    | Learned a level 4 spell: Dimensional Bullseye
 31412 | Elf:3    | Paralysed by an air elemental for 1 turns
 31437 | Elf:3    | Identified the +8 plate armour of Midnight {rElec Int+3}
 32276 | Elf:3    | Identified the +2 leather armour "Attatt" {Int+7}
 32292 | Elf:3    | Reached skill level 10 in Invocations
 32311 | Elf:3    | Identified the staff of World Downfall {Int+4 Earth}
 32317 | Elf:3    | Identified the +1 hand axe of the Vanishing Priests
                  | {antimagic, +Blink Will+ SInv}
 32328 | Elf:3    | Identified the +2 orcbow of Foul Odours {heavy, +Blink}
 32506 | Elf:3    | Got the Octavo of Panentheism
 32508 | Elf:3    | Got the Incunable of Fetching Rime
 32527 | Elf:3    | Identified the +1 leather armour of Kumin {Regen+}
 32897 | Elf:2    | Received a gift from Okawaru
 34339 | D:14     | Found a gate to the Vaults.
 34412 | Vaults:1 | Entered Level 1 of the Vaults
 34414 | Vaults:1 | Noticed Saint Roka
 34495 | D:14     | Killed Saint Roka
 34496 | D:14     | Reached skill level 15 in Dodging
 34642 | Vaults:1 | Received a gift from Okawaru
 34732 | Vaults:1 | Reached skill level 1 in Translocations
 35008 | Vaults:1 | Reached XP level 20. HP: 155/159 MP: 25/27
 35025 | Vaults:1 | Got Wiacuent's Textbook on Fatal Hoarfrost
 35031 | Vaults:1 | Found Yphitticsi's Assorted Antiques.
 35047 | Vaults:1 | Bought a potion of heal wounds for 140 gold pieces
 35047 | Vaults:1 | Bought a potion of curing for 84 gold pieces
 35318 | Vaults:1 | Found Feluoree's Magic Scroll Shop.
 35384 | Vaults:1 | Received a gift from Okawaru
 35783 | Vaults:1 | Reached skill level 5 in Translocations
 36081 | Vaults:2 | Received a gift from Okawaru
 36722 | Vaults:2 | Received a gift from Okawaru
 36893 | Vaults:2 | Identified the +2 robe "Miakiu" {rF+}
 36893 | Vaults:2 | Noticed Boris
 36901 | Vaults:2 | Killed Boris
 36951 | Vaults:2 | Identified the +7 short sword "Rahink" {flame, rC- rN+
                  | Dex+5 Stlth+}
 37345 | Vaults:3 | Reached XP level 21. HP: 165/165 MP: 28/28
 37345 | Vaults:3 | Received a gift from Okawaru
 37422 | Vaults:3 | Identified the +3 leather armour of Prudence {rC+ Str+2}
 37530 | Vaults:3 | Found Kaxkeocaj's Distillery.
 37538 | Vaults:3 | Bought a potion of lignification for 48 gold pieces
 38380 | Vaults:3 | Received a gift from Okawaru
 38973 | Vaults:3 | Found a staircase to the Crypt.
 39212 | Vaults:4 | Found a crumbling gateway.
 39212 | Vaults:4 | Found the +10 tower shield of Ignorance {rN+ Int-4}
 39228 | Desolati | Entered the Desolation of Salt
 39239 | Desolati | Received a gift from Okawaru
 39398 | Desolati | Got the Teachings on Brumous Force
 39430 | Desolati | Got the Octavo of the Compass and Burning
 39461 | Desolati | Identified the ring of the Trout {Fly rC+ rN+ Slay+3}
 39464 | Desolati | Got the Textbook on Momentum and Gases
 39478 | Desolati | Identified the +3 dagger of Kindness {pain, Dex+4}
 39598 | Desolati | Received a gift from Okawaru
 40181 | Vaults:4 | Reached XP level 22. HP: 172/172 MP: 29/29
 41060 | Vaults:4 | Reached skill level 10 in Translocations
 41347 | Depths:1 | Entered Level 1 of the Depths
 41436 | Depths:1 | Received a gift from Okawaru
 41480 | Depths:1 | Found a bloodstained altar of Trog.
 41537 | Depths:1 | Found a gateway to Hell.
 41596 | Depths:1 | Noticed Sojobo
 42348 | Depths:1 | Paralysed by an air elemental for 1 turns
 42351 | Depths:1 | Paralysed by an air elemental for 1 turns
 42394 | Depths:1 | Killed Sojobo
 42521 | Depths:1 | Found Optol's Jewellery Shop.
 42524 | Depths:1 | Found Weakiadgh's Book Emporium.
 42525 | Depths:1 | Found Qeffir Diapa's Jewellery Shop.
 42540 | Depths:1 | Bought a book of Battle for 384 gold pieces
 42546 | Depths:1 | Bought the ring "Qelinn" {Will+ Dex+6 SInv Stlth+} for 1000
                  | gold pieces
 42918 | Depths:2 | Received a gift from Okawaru
 43226 | Depths:2 | Reached skill level 15 in Fighting
 43757 | Depths:2 | Found a one-way gate to the infinite horrors of the Abyss.
 43814 | Depths:3 | Received a gift from Okawaru
 43815 | Depths:3 | Reached XP level 23. HP: 181/181 MP: 30/30
 44274 | Depths:3 | Found a one-way gateway to a ziggurat.
 44414 | Depths:3 | Found a large runed translucent door.
 44483 | Depths:3 | Found a large runed translucent door.
 44485 | Depths:3 | Noticed a caustic shrike
 44486 | Depths:3 | Noticed a juggernaut
 44487 | Depths:3 | Found a large runed translucent door.
 44574 | Depths:3 | Found a large runed translucent door.
 44577 | Depths:3 | Found a large runed translucent door.
 44578 | Depths:3 | Found a large runed translucent door.
 44695 | Depths:3 | Received a gift from Okawaru
 45067 | Depths:3 | Found a large runed translucent door.
 45105 | Depths:2 | Noticed a caustic shrike
 45107 | Depths:2 | Killed a caustic shrike
 45117 | Depths:2 | Noticed a golden dragon
 45119 | Depths:2 | Killed a golden dragon
 45239 | Depths:2 | Found the +15 Maxwell's patent armour {-Cast -Tele rElec
                  | Will+ rCorr}
 45475 | D:14     | Noticed Nessos
 45477 | D:14     | Killed Nessos
 45866 | Depths:4 | Entered Level 4 of the Depths
 45873 | Depths:3 | Received a gift from Okawaru
 46241 | Depths:4 | Found a shimmering altar of Xom.
 46269 | Depths:4 | Reached XP level 24. HP: 191/191 MP: 30/30
 46307 | Depths:4 | Received a gift from Okawaru
 46462 | Depths:4 | Found a gate to the Realm of Zot.
 47537 | Slime:1  | Entered Level 1 of the Pits of Slime
 47543 | Slime:1  | Paralysed by a formless jellyfish for 1 turns
 48153 | Slime:2  | Received a gift from Okawaru
 49015 | Slime:5  | Entered Level 5 of the Pits of Slime
 49170 | Slime:5  | Received a gift from Okawaru
 49757 | Slime:5  | Noticed the Royal Jelly
 49775 | Slime:5  | Killed the Royal Jelly
 50111 | Slime:5  | Identified the +2 leather armour "Betselef" {Will+ Slay+2}
 50128 | Slime:5  | Identified the +1 robe of Fun and Games {Str+3 Int-5 Dex+6}
 50129 | Slime:5  | Identified the +4 hand axe of Lidyicont {protect, Dex+3}
 50132 | Slime:5  | Identified the +2 robe "Onku" {rPois Will+ rCorr Dex-2}
 50139 | Slime:5  | Identified the +11 hand axe "Bybaxoafaq" {heavy, MP+9
                  | Dex+4}
 50143 | Slime:5  | Got a slimy rune of Zot
 50160 | Slime:5  | Identified the +2 trident "Hickekhley" {flame, Will+ Dex+3
                  | Stlth+}
 50169 | Slime:5  | Identified the +4 long sword "Nuavvocos" {flame, Str+2}
 50188 | Slime:5  | Identified the staff "Ulaizxy" {rPois Tloc Alchemy}
 50838 | Vaults:5 | Entered Level 5 of the Vaults
 50845 | Vaults:5 | Found Bijiyg Hun's Distillery.
 51148 | Vaults:5 | Received a gift from Okawaru
 51149 | Vaults:5 | Reached skill level 19 in Ranged Weapons
 51347 | Vaults:5 | Reached XP level 25. HP: 181/194 MP: 29/31
 51516 | Vaults:5 | Bought a potion of curing for 60 gold pieces
 51516 | Vaults:5 | Bought a potion of ambrosia for 160 gold pieces
 51516 | Vaults:5 | Bought a potion of invisibility for 160 gold pieces
 51670 | Vaults:5 | Identified the +4 spear of Ewnextil {heavy, rElec Str+4}
 51699 | Vaults:5 | Received a gift from Okawaru
 51777 | Vaults:5 | Reached skill level 20 in Ranged Weapons
 51810 | Vaults:5 | Noticed Mennas
 51819 | Vaults:5 | Killed Mennas
 52051 | Vaults:5 | Identified the ring "Diamiod" {rC+ rN+ Dex+3}
 52064 | Vaults:5 | Noticed Margery
 52077 | Vaults:5 | Killed Margery
 52077 | Vaults:5 | Received a gift from Okawaru
 52142 | Vaults:5 | Noticed a dread lich
 52145 | Vaults:5 | Killed a dread lich
 52187 | Vaults:5 | Identified the +0 ring mail of Monotheism {+Inv rPois
                  | Int+2}
 52191 | Vaults:5 | Identified the +0 helmet "Eronoile" {Int+3}
 52201 | Vaults:5 | Reached skill level 21 in Ranged Weapons
 52241 | Vaults:5 | Received a gift from Okawaru
 52248 | Vaults:5 | Identified the +7 mace of Unpleasantness {flame, rF+ Str+4}
 52382 | Vaults:5 | Got a silver rune of Zot
 52952 | Zot:1    | Entered Level 1 of the Realm of Zot
 53249 | Zot:1    | Reached XP level 26. HP: 170/204 MP: 23/32
 53250 | Zot:1    | Received a gift from Okawaru
 53299 | Zot:1    | Reached skill level 22 in Ranged Weapons
 53886 | Vaults:1 | Bought a scroll of enchant weapon for 157 gold pieces
 53886 | Vaults:1 | Bought a scroll of revelation for 157 gold pieces
 53886 | Vaults:1 | Bought a scroll of enchant weapon for 157 gold pieces
 53886 | Vaults:1 | Bought a scroll of enchant weapon for 157 gold pieces
 53886 | Vaults:1 | Bought a scroll of teleportation for 63 gold pieces
 54193 | Zot:1    | Found the +4 dragonskin cloak {Aegis}
 54193 | Zot:1    | Noticed Tiamat
 54280 | Zot:1    | Killed Tiamat
 54443 | Zot:1    | Received a gift from Okawaru
 55536 | Zot:3    | Reached skill level 23 in Ranged Weapons
 55871 | Zot:2    | Learned a level 4 spell: Passage of Golubria
 56403 | Zot:2    | Noticed an orb of fire
 56410 | Zot:2    | Killed an orb of fire
 56410 | Zot:2    | Received a gift from Okawaru
 56781 | Zot:3    | Noticed an orb of fire
 56789 | Zot:3    | Killed an orb of fire
 56877 | Zot:3    | Reached skill level 24 in Ranged Weapons
 57557 | Zot:4    | Received a gift from Okawaru
 57563 | Zot:5    | Entered Level 5 of the Realm of Zot
 57942 | Zot:4    | Reached XP level 27. HP: 210/210 MP: 32/32
 58173 | Zot:4    | Reached skill level 25 in Ranged Weapons
 58393 | Zot:4    | Noticed an orb of fire
 58525 | Zot:4    | Received a gift from Okawaru
 58724 | Zot:4    | Killed an orb of fire
 58964 | Zot:4    | Noticed Lethruas's ghost (veteran MfBe)
 58969 | Zot:4    | Found a transporter.
 59025 | Zot:4    | Found a transporter.
 60056 | Zot:5    | Reached skill level 26 in Ranged Weapons
 60284 | Zot:5    | Received a gift from Okawaru
 60284 | Zot:5    | Noticed an ancient lich
 60286 | Zot:5    | Killed an ancient lich
 60288 | Zot:5    | Noticed an ancient lich
 61261 | Zot:5    | Noticed an orb of fire
 61264 | Zot:5    | Killed an orb of fire
 61975 | Zot:5    | Identified the +5 scimitar "Yppoz" {flame, rElec SInv}
 61980 | Zot:5    | Noticed an ancient lich
 62107 | Zot:5    | Killed an ancient lich
 62678 | Zot:5    | Noticed an orb of fire
 63018 | Zot:5    | Killed an orb of fire
 63018 | Zot:5    | Received a gift from Okawaru
 63524 | Zot:5    | Noticed an ancient lich
 63527 | Zot:5    | Killed an ancient lich
 63528 | Zot:5    | Reached skill level 27 in Ranged Weapons
 63610 | Zot:5    | Noticed an ancient lich
 64040 | Zot:5    | Killed an ancient lich
 64200 | Zot:5    | Noticed an ancient lich
 64204 | Zot:5    | Killed an ancient lich
 64318 | Zot:5    | Received a gift from Okawaru
 64408 | Zot:5    | Noticed an ancient lich
 64410 | Zot:5    | Killed an ancient lich
 65200 | Zot:5    | Killed an ancient lich
 65249 | Zot:5    | Noticed an orb of fire
 65255 | Zot:5    | Killed an orb of fire
 65257 | Zot:5    | Got the Orb of Zot
 65463 | Depths:2 | Received a gift from Okawaru
 65723 | D:6      | Noticed Nixuatz the pandemonium lord
 65837 | D:$      | Escaped with the Orb!

Illustrated notes

Levels and vault maps discovered:
D:1:      scummos_arrival_checkerplants, layout_basic, serial_bayou_pond_a,
          chequers_mini_garden, hex_large
D:2:      layout_loops_cross, basic_altar, uniq_jessica
D:3:      layout_rooms, xom_butterflies, grunt_gozag_breadcrumbs,
          mainiacjoe_overflow_surrounded_room,
          hellmonk_ecumenical_altar_pennies_from_heaven
D:4:      layout_rooms, grunt_temple_overflow_holy_war, uniq_eustachio
D:5:      minmay_skewed_foursquare, layout_basic, general_overflow_altar,
          portal_sewer_entry_c, serial_library_hellmonk_hallway_a
D:6:      layout_loops_ring, nicolae_figureground_pulse
D:7:      layout_loops_ring, tgw_trog, minmay_temple_entry_butterflies,
          ebering_ghost_rock_garden, serial_park_tiny_2
D:8:      layout_basic, mainiacjoe_overflow_alcove_1, serial_bayou,
          serial_bayou_pond_c, serial_bayou_lagoon_b, serial_bayou_crossing,
          serial_bayou_pond_d, uniq_prince_ribbit1, uniq_psyche, uniq_maurice,
          uniq_gastronok
D:9:      layout_stronghold, mainiacjoe_overflow_brackets
D:10:     layout_basic, lair_entry_dummy, orc_0_dummy, serial_shops,
          nicolae_shop_trees, nicolae_stop_n_shop_2,
          nicolae_shop_tiny_waterfront, shop, enter_trove_0
D:11:     layout_stronghold
D:12:     layout_grid_maze, uniq_erolcha
D:13:     layout_cave_pools, serial_shops, nicolae_shop_behind_doors
D:14:     layout_roguey, hellmonk_vaults_attempted_burglary,
          minmay_misc_feat_rows, serial_shops, nicolae_shop_statue_plus,
          uniq_nessos
D:15:     gammafunk_enter_depths_forms, layout_loops_ring,
          minmay_misc_feat_four_crosses
Temple:   dshaligram_water_room_temple
Lair:1:   layout_big_grid, hibernation_bobbens, lemuel_fruit_fields
Lair:2:   gammafunk_lair_enchanted_lake, layout_hall_layers,
          mainiacjoe_shoals_entry_four_pools, dummy_spider_entry,
          lemuel_fruit_fields, lemuel_fruit_tree, uniq_erica
Lair:3:   layout_roguey, minivault_27, grunt_megastairs_3
Lair:4:   layout_cellular_growth, slime_entry_1
Lair:5:   hangedman_lair_tendril_chambers, layout_gridlike
Shoals:1: layout_shoals, nicolae_shoals_kraken_intersection
Shoals:2: argonaut_golden_fleece, layout_shoals, uniq_polyphemus, uniq_ilsuiw,
          uniq_mlioglotl
Shoals:3: layout_shoals, kb_tengu_band
Shoals:4: shoals_end_hangedman, layout_shoals, shoals_oasis
Slime:1:  layout_caves
Slime:2:  layout_caves, nicolae_slime_phagocytosis
Slime:3:  layout_caves
Slime:4:  layout_caves
Slime:5:  slime_pit_nicolae_royal_road_to_ruin
Orc:1:    layout_caves, serial_shops, shop
Orc:2:    pf_orc_diabolical, layout_caves, basic_altar,
          okawaru_metal_pillars_1_2
Elf:1:    layout_loops_cross, kilobyte_rumbling_trees, uniq_agnes, uniq_louise
Elf:2:    nicolae_elf_blades_crystal_corner, layout_geoelf_octagon,
          nrook_loot_triangle, nicolae_elf_v_pinch, dreamdust_mushroom_princess,
          evilmike_minifort
Elf:3:    elf_hall_gauntlet_wide, layout_geoelf_octagon, uniq_donald
Vaults:1: nicolae_vaults_swerve, hangedman_vaults_maws,
          nicolae_vaults_sightless_eye, nicolae_vaults_tetromino_L_2,
          nicolae_vaults_hexular_roomagon, nicolae_vaults_big_ls,
          nicolae_vaults_stepped_doors, hangedman_vaults_cutoff,
          dpeg_vaults_monster_box, layout_vaults_chaotic_city, serial_shops,
          nicolae_shop_hallway_stairs, nicolae_shop_tiny_waterfront,
          uniq_saint_roka
Vaults:2: vaults_mumra_minichess, ontoclasm_vaults_loading_screen, v_misc_14,
          hangedman_vaults_maws, hangedman_vaults_stagger,
          nicolae_vaults_tetromino_T_2, nicolae_vaults_octagons,
          nicolae_vaults_stairing_the_circle, ontoclasm_vaults_ligature,
          nicolae_vaults_twisting_passages, nicolae_vaults_network_quincunx
          [nicolae_vaults_network_quincunx_subvault,
          nicolae_vaults_network_quincunx_subvault,
          nicolae_vaults_network_quincunx_subvault,
          nicolae_vaults_network_quincunx_subvault,
          nicolae_vaults_network_quincunx_subvault], v_alt_pattern_1,
          layout_vaults_maze_bifur, uniq_boris
Vaults:3: ontoclasm_vaults_ring_small, nicolae_vaults_more_shelving_2,
          nicolae_vaults_more_shelving_1, v_misc_5, ontoclasm_vaults_hangar,
          minmay_crypt_entry_skeletal_spiral,
          nicolae_vaults_offset_grid_hallway_1, hangedman_vaults_locks,
          nicolae_vaults_frosty_reception, nicolae_vaults_shrinking_rooms_1,
          nicolae_vaults_little_squares_4, ontoclasm_vaults_loading_screen,
          vaults_room_large_hall, layout_vaults_omnibox, serial_shops, shop
Vaults:4: portal_desolation_entry_nicolae_slug, vaults_dpeg_diagonal,
          nicolae_vaults_tangram_1, st_hourglassy, v_misc_22,
          nicolae_vaults_closet_pinwheel_4, nicolae_vaults_storage_room_glass,
          nicolae_vaults_sesquioval_fish, layout_vaults_quadrants
Vaults:5: uniq_margery, uniq_mennas
Depths:1: layout_honeycomb, pf_coc_iceberg, minmay_misc_feat_secret_circle,
          chequers_serial_rivers_room_a, evilmike_spriggan_trog_shrine,
          minmay_shop_grove, uniq_sojobo
Depths:2: minmay_isolated_rectangles_in_corner, layout_gridlike,
          corexii_hall_statues_s, minmay_room_of_horrors, hell_entry,
          grunt_pan_entry_in_and_out, minmay_staircase_windowed_large
Depths:3: minmay_five_octagons, layout_gridlike, enter_ziggurat_a,
          rand_demon_pan_entry_8, abyss_entry, hell_entry, grunt_ministairs_12
Depths:4: grunt_twist_and_shout, layout_long_grid, hell_entry, serial_bayou,
          serial_bayou_pond_c, serial_bayou_shore_b, serial_bayou_lake_a,
          serial_bayou_lagoon_a, pan_entry, xom_teletrap_fun,
          kennysheep_random_hallway
Zot:1:    layout_misc_corridors, regret_index_zotdec_iron_s, grunt_megastairs_5,
          uniq_tiamat
Zot:2:    layout_basic, regret_index_zot_stipple_split, grunt_megastairs_4
Zot:3:    layout_cathedral_of_symmetry, regret_index_zotdec_glowing_original
Zot:4:    layout_cathedral_of_symmetry, gammafunk_ghost_abyssal_escape
Zot:5:    layout_misc_corridors

Skill      XL: |  1  2  3  4  5  6  7  8  9 10 11 12 13 14 15 16 17 18 19 20 21 22 23 24 25 26 27 |
---------------+----------------------------------------------------------------------------------+-----
Ranged Weapons | 2 4 5 6 9 11 14 16 17 18 19 21 24 27 | 27.0
Stealth        | 1 2 3 |  3.0
Hexes          | 3 4 5 6 7 8 9 |  9.0
Dodging        | 2 5 8 10 11 13 15 18 20 21 22 | 22.6
Fighting       | 5 8 10 12 14 15 16 17 | 17.2
Invocations    | 4 5 8 9 10 11 12 | 12.0
Armour         | 3 5 8 11 12 | 12.0
Evocations     | 7 13 15 16 19 20 | 20.0
Translocations | 2 6 8 10 11 | 11.0
Spellcasting   | 3 |  3.0
Fire Magic     | |  0.8

Action                     |  1- 3 |  4- 6 |  7- 9 | 10-12 | 13-15 | 16-18 | 19-21 | 22-24 | 25-27 || total
---------------------------+-------+-------+-------+-------+-------+-------+-------+-------+-------++-------
  Melee: Unarmed           |       |       |       |     1 |       |       |       |       |       ||     1
   Fire: Sling             |   162 |   274 |   472 |  1028 |   731 |   771 |   768 |   932 |   305 ||  5443
         Hand cannon       |       |       |       |       |   711 |   771 |   768 |   932 |  1395 ||  4577
   Cast: Jinxbite          |     1 |    17 |    34 |    31 |     5 |       |       |     1 |       ||    89
         Dimensional Bulls |       |       |       |       |       |       |     2 |    14 |    11 ||    27
         Passage of Golubr |       |       |       |       |       |       |       |       |     3 ||     3
 Invoke: Receive Weapon    |       |       |       |       |     1 |       |       |       |       ||     1
         Finesse           |       |       |       |       |     1 |     5 |     5 |     6 |     6 ||    23
         Heroism           |       |       |       |       |     1 |       |     1 |     3 |     3 ||     8
         Receive Armour    |       |       |       |       |       |     1 |       |       |       ||     1
Ability: Invent Gizmo      |       |       |       |       |     1 |       |       |       |       ||     1
  Evoke: Wand              |       |       |       |     6 |     2 |     5 |     1 |     3 |     1 ||    18
         Lightning rod     |       |       |       |       |       |     2 |     3 |     3 |       ||     8
         Condenser vane    |       |       |       |       |       |       |     1 |     1 |       ||     2
    Use: Scroll            |       |     5 |    10 |     4 |    10 |     7 |    15 |     4 |    12 ||    67
         Potion            |       |       |     2 |       |     3 |     9 |     5 |     7 |       ||    26
 Armour: Robe              |     8 |    31 |    74 |       |       |       |       |       |       ||   113
         Leather armour    |       |       |       |    66 |       |       |       |       |       ||    66
         Skin              |       |       |       |     1 |       |       |       |       |       ||     1
         Troll leather arm |       |       |       |    44 |   259 |     5 |       |       |       ||   308
         Ring mail         |       |       |       |       |       |   304 |   196 |   221 |   197 ||   918
  Dodge: Dodged            |    12 |    32 |    59 |   104 |   509 |   289 |   381 |   571 |   376 ||  2333

Table legend: (Time is in decaauts)
 A = Elapsed time spent in this place.
 B = Non-inter-level travel time spent in this place.
 C = Inter-level travel time spent in this place.
 D = Time resting spent in this place.
 E = Time spent auto-exploring this place.
 F = Levels seen in this place.
 G = Mean time per level.
                   A        B        C        D        E       F      G
               +--------+--------+--------+--------+--------+-----+--------+
         Total |  67223 |  58126 |   9097 |  12116 |  35017 |  52 | 1292.8 |
       Dungeon |  17352 |  13861 |   3491 |   1373 |  10345 |  15 | 1156.8 |
        Temple |     49 |     19 |     30 |      0 |      0 |   1 |   49.0 |
          Lair |   7259 |   5784 |   1475 |    738 |   3970 |   5 | 1451.8 |
        Shoals |   4387 |   4067 |    320 |    882 |   2390 |   4 | 1096.8 |
    Slime Pits |   2954 |   2716 |    238 |    742 |   1461 |   5 |  590.8 |
  Orcish Mines |   2139 |   2020 |    119 |    682 |    809 |   2 | 1069.5 |
   Elven Halls |   5559 |   5158 |    401 |   1681 |   2689 |   3 | 1853.0 |
        Vaults |   8285 |   6792 |   1493 |    683 |   4541 |   5 | 1657.0 |
        Depths |   5745 |   4771 |    974 |   1112 |   2590 |   4 | 1436.2 |
           Zot |  11921 |  11369 |    552 |   4171 |   5749 |   5 | 2384.2 |
         Abyss |    767 |    767 |      0 |     30 |      1 |   2 |  383.5 |
    Desolation |    800 |    800 |      0 |     18 |    471 |   1 |  800.0 |
               +--------+--------+--------+--------+--------+-----+--------+

Top non-repeatable levels by time:
   Zot:5: 5983 daAuts
   Elf:3: 3004 daAuts
  Lair:2: 2772 daAuts
Vaults:1: 2119 daAuts
   Zot:4: 1884 daAuts
Vaults:5: 1829 daAuts
     D:8: 1733 daAuts
   Elf:2: 1648 daAuts
    D:15: 1625 daAuts
Depths:1: 1599 daAuts
Vaults:2: 1553 daAuts
    D:11: 1520 daAuts
Depths:2: 1501 daAuts
   Zot:3: 1500 daAuts
Depths:3: 1435 daAuts
